NEW YORK R vs PHILADELPHIA

Created - February-07-21 at 10:40

Goals
1 2 3 OT1 SO T
NEW YORK R 1 1 0 0 2 2
PHILADELPHIA 2 0 0 0 3 3
Shots
1 2 3 OT1 SO T
NEW YORK R 8 5 10 3 6 26
PHILADELPHIA 17 13 6 0 6 36

1st period

1. PHILADELPHIA , Conor Garland 5 (Valtteri Filppula 6, Michael Stone 6) at 5:41
2. PHILADELPHIA , Mathias Brome 1 (Michael Stone 7, Tyler Pitlick 2) at 14:00
3. NEW YORK R , Nico Hischier 4 (Colton Parayko 12, Seth Jones 10) at 14:35

Penalties :
No Penalty

2nd period

4. NEW YORK R , Colton Parayko 2 (Artemi Panarin 16, Tom Wilson 10) at 0:36

Penalties :
Adam Pelech (PHI) for High sticking (Minor) at 7:55, Jonathan Marchessault (NYR) for Hooking (Minor) at 14:02

3rd period

No Goal

Penalties :
No Penalty

Overtime #1

No Goal

Penalties :
No Penalty

Shootout

NEW YORK R, Artemi Panarin - Stopped by Brian Elliott
PHILADELPHIA, Anthony Cirelli - Shot Misses the Net
NEW YORK R, Bo Horvat - Shot Misses the Net
PHILADELPHIA, Andre Burakovsky - Goal!
NEW YORK R, Tom Wilson - Goal!
PHILADELPHIA, Nikita Gusev - Shot Misses the Net
NEW YORK R, Jonathan Marchessault - Goal!
PHILADELPHIA, Valtteri Filppula - Goal!
NEW YORK R, Nico Hischier - Stopped by Brian Elliott
PHILADELPHIA, Tyler Ennis - Stopped by Frederik Andersen
NEW YORK R, Cam Fowler - Stopped by Brian Elliott
PHILADELPHIA, Conor Garland - Goal!

Penalties :
No Penalty

Goalie Stats

Frederik Andersen (NYR), 34 saves from 36 shots - (0.944), OTL, 11-5-3, 65:00 minutes
Brian Elliott (PHI), 24 saves from 26 shots - (0.923), W, 7-8-2, 65:00 minutes

Players Stats for NEW YORK R

Player Name              G  A  P  +/- PIM S  H  SB GA TA FO     MP     PP MP  PK MP  
------------------------------------------------------------------------------------
Andrew Cogliano          0  0  0   0  0   2  1  0  0  0  0/0    21:29   0:53   0:00 
Artemi Panarin           0  1  1   0  0   3  0  0  0  0  1/4    25:41   0:24   1:20 
Bo Horvat                0  0  0   0  0   1  0  0  0  0  11/23  21:17   1:06   1:20 
Brendan Lemieux          0  0  0   0  0   3  1  0  0  0  0/0     5:41   0:00   0:00 
Brett Pesce              0  0  0   0  0   1  2  1  0  0  0/0    18:36   0:53   0:59 
Cam Fowler               0  0  0   0  0   0  1  0  0  0  0/0    17:42   0:00   0:00 
Colton Parayko           1  1  2   0  0   1  1  2  0  0  0/0    20:00   1:06   1:00 
Connor Brown             0  0  0   0  0   3  0  0  0  0  0/1    19:06   0:53   0:00 
Gabriel Vilardi          0  0  0   0  0   0  0  0  0  0  0/0     1:31   0:42   0:00 
Jake DeBrusk             0  0  0   0  0   2  2  0  0  0  0/0    16:19   0:00   0:39 
Jonathan Marchessault    0  0  0   0  2   1  1  0  0  0  4/12   19:05   0:53   0:00 
Karl Alzner              0  0  0   0  0   2  1  0  0  0  0/0     8:27   0:00   0:00 
Marc-Edouard Vlasic      0  0  0   0  0   0  1  1  0  0  0/0    19:30   0:53   0:59 
Marcus Kruger            0  0  0   0  0   0  4  0  0  0  0/1    15:40   0:00   0:00 
Mike Matheson            0  0  0   0  0   0  1  2  0  0  0/0    17:42   0:00   0:00 
Nico Hischier            1  0  1   0  0   2  0  0  0  0  7/18   15:40   0:00   0:00 
Sam Steel                0  0  0   0  0   1  0  0  0  0  5/12    8:18   0:00   0:00 
Seth Jones               0  1  1   0  0   2  1  6  0  0  0/0    23:03   1:06   1:00 
Tom Wilson               0  1  1   0  0   2  1  0  0  0  1/3    18:13   1:06   0:39 

Players Stats for PHILADELPHIA

Player Name              G  A  P  +/- PIM S  H  SB GA TA FO     MP     PP MP  PK MP  
------------------------------------------------------------------------------------
Adam Pelech              0  0  0  -1  2   1  1  1  0  0  0/0    21:01   0:53   0:00 
Andre Burakovsky         0  0  0  -1  0   4  0  0  0  0  1/4    22:28   1:01   0:28 
Anthony Cirelli          0  0  0  -1  0   7  0  0  0  0  13/22  20:34   1:01   0:34 
Conor Garland            1  0  1   0  0   6  0  0  0  0  0/0    16:52   0:58   0:00 
Erik Gudbranson          0  0  0  -1  0   0  2  2  0  0  0/0    19:33   0:53   1:04 
Henrik Zetterberg        0  0  0   1  0   1  1  0  0  0  4/8    10:54   0:00   0:42 
Jack Hughes              0  0  0   0  0   2  1  0  0  0  9/15   14:39   0:00   0:36 
Lias Andersson           0  0  0   0  0   1  0  0  0  0  1/1    14:42   0:00   0:00 
Mathias Brome            1  0  1   1  0   1  0  1  0  0  0/0    10:39   0:00   1:12 
Michael Stone            0  2  2   2  0   0  3  1  0  0  0/0    17:49   0:00   0:55 
Mikko Lehtonen           0  0  0   2  0   0  1  1  0  0  0/0    19:54   0:00   1:12 
Nikita Gusev             0  0  0  -1  0   3  1  0  0  0  0/1    19:40   1:01   0:13 
Olli Maatta              0  0  0  -1  0   4  2  2  0  0  0/0    22:51   1:06   0:13 
Richard Panik            0  0  0   0  0   2  3  0  0  0  2/2    14:03   0:00   0:00 
Travis Sanheim           0  0  0  -1  0   1  0  0  0  0  0/0    23:51   1:06   0:34 
Tyler Ennis              0  0  0   0  0   2  1  0  0  0  1/1    16:52   0:58   0:00 
Tyler Pitlick            0  1  1   1  0   0  1  0  0  0  0/0     7:39   0:00   0:00 
Valtteri Filppula        0  1  1   0  0   1  1  0  0  0  14/20  18:59   0:58   0:13 

3 Stars

1 - Michael Stone (PHI)
2 - Colton Parayko (NYR)
3 - Frederik Andersen (NYR)

Power Play

NEW YORK R - 0 on 1 Attempt(s) - 0.00%
PHILADELPHIA - 0 on 1 Attempt(s) - 0.00%

Penalty Kill

NEW YORK R - 1 on 1 Attempt(s) - 100.00% - Score 0 goal in Penalty Kill
PHILADELPHIA - 1 on 1 Attempt(s) - 100.00% - Score 0 goal in Penalty Kill

Team Stat

NEW YORK R - Hits : 18 - Faceoff Wins : 29 - Blocked Shots : 12 - Penalty Minutes : 2
PHILADELPHIA - Hits : 18 - Faceoff Wins : 45 - Blocked Shots : 8 - Penalty Minutes : 2

Official

Referees : Andrew Howard and Dave Lewis
Linesman : Luke Galvin and Bevan Mills

Game Notes

No Game Note

Finance

Level 1 -- Attendance: 4669 (77.82%) -- Ticket Income $466,900
Level 2 -- Attendance: 4199 (83.98%) -- Ticket Income $251,940
Level 3 -- Attendance: 1771 (88.55%) -- Ticket Income $61,985
Level 4 -- Attendance: 4000 (100.00%) -- Ticket Income $80,000
Luxury Box -- Attendance: 766 (76.60%) -- Ticket Income $153,200
Game was played at the Wells Fargo Center.
Total Attendance: 15405 (85.58%)
Total Ticket Income: $1,014,025
Total Income: $1,014,025

NEW YORK R

5 vs 5 Forward 
   Center                   Left Wing                Right Wing               Time % Phy DF OF 
 1 Bo Horvat                Artemi Panarin           Tom Wilson               35     1   2  2  
 2 Jonathan Marchessault    Andrew Cogliano          Connor Brown             30     1   2  2  
 3 Nico Hischier            Jake DeBrusk             Marcus Kruger            25     1   2  2  
 4 Sam Steel                Brendan Lemieux          Artemi Panarin           10     1   2  2  

5 vs 5 Defense 
   Defense                  Defense                                           Time % Phy DF OF 
 1 Seth Jones               Colton Parayko                                    35     1   2  2  
 2 Marc-Edouard Vlasic      Brett Pesce                                       30     1   2  2  
 3 Cam Fowler               Mike Matheson                                     25     1   2  2  
 4 Karl Alzner              Seth Jones                                        10     1   2  2  

PowerPlay Forward 
   Center                   Left Wing                Right Wing               Time % Phy DF OF 
 1 Bo Horvat                Artemi Panarin           Tom Wilson               60     1   2  2  
 2 Jonathan Marchessault    Andrew Cogliano          Connor Brown             40     1   2  2  

PowerPlay Defense
   Defense                  Defense                                           Time % Phy DF OF 
 1 Seth Jones               Colton Parayko                                    60     1   2  2  
 2 Marc-Edouard Vlasic      Brett Pesce                                       40     1   2  2  

Penalty Kill 4 Players Forward 
   Center                   Wing                     Time % Phy DF OF 
 1 Artemi Panarin           Bo Horvat                60     1   2  2  
 2 Tom Wilson               Jonathan Marchessault    40     1   2  2  

Penalty Kill 4 Players Defense
   Defense                  Defense                  Time % Phy DF OF 
 1 Seth Jones               Colton Parayko           60     1   2  2  
 2 Marc-Edouard Vlasic      Brett Pesce              40     1   2  2  

Penalty Kill - 3 Players Forward 
   Forward                                           Time % Phy DF OF 
 1 Artemi Panarin                                    60     1   2  2  
 2 Bo Horvat                                         40     1   2  2  

Penalty Kill - 3 Players Defense
   Defense                  Defense                  Time % Phy DF OF 
 1 Seth Jones               Colton Parayko           60     1   2  2  
 2 Marc-Edouard Vlasic      Brett Pesce              40     1   2  2  

4 vs 4 Forward 
   Center                   Wing                     Time % Phy DF OF 
 1 Artemi Panarin           Bo Horvat                60     1   2  2  
 2 Tom Wilson               Jonathan Marchessault    40     1   2  2  

4 vs 4 Defense
   Defense                  Defense                  Time % Phy DF OF 
 1 Seth Jones               Colton Parayko           60     1   2  2  
 2 Marc-Edouard Vlasic      Brett Pesce              40     1   2  2  

Last Minutes Offensive
   Center                   Left Wing                Right Wing               Defense                  Defense                  
   Bo Horvat                Artemi Panarin           Tom Wilson               Seth Jones               Colton Parayko           

Last Minutes Defensive
   Center                   Left Wing                Right Wing               Defense                  Defense                  
   Bo Horvat                Artemi Panarin           Tom Wilson               Seth Jones               Colton Parayko           

Goaltenders
Starting : Frederik Andersen        
Backup : Craig Anderson           

Extra Forwards
Normal : Gabriel Vilardi, Nico Hischier, Jake DeBrusk - PP : Gabriel Vilardi, Nico Hischier - PK : Jake DeBrusk
Extra Defensemen
Normal : Cam Fowler, Mike Matheson, Karl Alzner - PP : Cam Fowler - PK : Mike Matheson, Karl Alzner
Penalty Shots
Artemi Panarin, Bo Horvat, Tom Wilson, Jonathan Marchessault, Nico Hischier

Scratches
Leon Draisaitl (Healthy), Frederik Gauthier (Healthy)

PHILADELPHIA

5 vs 5 Forward 
   Center                   Left Wing                Right Wing               Time % Phy DF OF 
 1 Anthony Cirelli          Andre Burakovsky         Nikita Gusev             35     1   2  2  
 2 Valtteri Filppula        Tyler Ennis              Conor Garland            30     1   2  2  
 3 Jack Hughes              Lias Andersson           Richard Panik            25     1   2  2  
 4 Henrik Zetterberg        Mathias Brome            Tyler Pitlick            10     1   2  2  

5 vs 5 Defense 
   Defense                  Defense                                           Time % Phy DF OF 
 1 Olli Maatta              Travis Sanheim                                    35     1   2  2  
 2 Adam Pelech              Erik Gudbranson                                   30     1   2  2  
 3 Michael Stone            Mikko Lehtonen                                    25     1   2  2  
 4 Olli Maatta              Travis Sanheim                                    10     1   2  2  

PowerPlay Forward 
   Center                   Left Wing                Right Wing               Time % Phy DF OF 
 1 Anthony Cirelli          Andre Burakovsky         Nikita Gusev             60     1   2  2  
 2 Valtteri Filppula        Tyler Ennis              Conor Garland            40     1   2  2  

PowerPlay Defense
   Defense                  Defense                                           Time % Phy DF OF 
 1 Olli Maatta              Travis Sanheim                                    60     1   2  2  
 2 Adam Pelech              Erik Gudbranson                                   40     1   2  2  

Penalty Kill 4 Players Forward 
   Center                   Wing                     Time % Phy DF OF 
 1 Anthony Cirelli          Andre Burakovsky         60     1   2  2  
 2 Nikita Gusev             Valtteri Filppula        40     1   2  2  

Penalty Kill 4 Players Defense
   Defense                  Defense                  Time % Phy DF OF 
 1 Olli Maatta              Travis Sanheim           60     1   2  2  
 2 Adam Pelech              Erik Gudbranson          40     1   2  2  

Penalty Kill - 3 Players Forward 
   Forward                                           Time % Phy DF OF 
 1 Anthony Cirelli                                   60     1   2  2  
 2 Andre Burakovsky                                  40     1   2  2  

Penalty Kill - 3 Players Defense
   Defense                  Defense                  Time % Phy DF OF 
 1 Olli Maatta              Travis Sanheim           60     1   2  2  
 2 Adam Pelech              Erik Gudbranson          40     1   2  2  

4 vs 4 Forward 
   Center                   Wing                     Time % Phy DF OF 
 1 Anthony Cirelli          Andre Burakovsky         60     1   2  2  
 2 Nikita Gusev             Valtteri Filppula        40     1   2  2  

4 vs 4 Defense
   Defense                  Defense                  Time % Phy DF OF 
 1 Olli Maatta              Travis Sanheim           60     1   2  2  
 2 Adam Pelech              Erik Gudbranson          40     1   2  2  

Last Minutes Offensive
   Center                   Left Wing                Right Wing               Defense                  Defense                  
   Anthony Cirelli          Andre Burakovsky         Nikita Gusev             Olli Maatta              Travis Sanheim           

Last Minutes Defensive
   Center                   Left Wing                Right Wing               Defense                  Defense                  
   Anthony Cirelli          Andre Burakovsky         Nikita Gusev             Olli Maatta              Travis Sanheim           

Goaltenders
Starting : Brian Elliott            
Backup : Anthony Stolarz          

Extra Forwards
Normal : Richard Panik, Tyler Pitlick, Jack Hughes - PP : Richard Panik, Tyler Pitlick - PK : Jack Hughes
Extra Defensemen
Normal : Michael Stone, Mikko Lehtonen, Adam Pelech - PP : Michael Stone - PK : Mikko Lehtonen, Adam Pelech
Penalty Shots
Anthony Cirelli, Andre Burakovsky, Nikita Gusev, Valtteri Filppula, Tyler Ennis

Scratches
PHI Cap Hit (Suspend)

% Time on Ice - NEW YORK R

Lines # - Real PCT - Wanted PCT - Time Play
Normal Forward
1 - 29% - 35% - 16:28
2 - 33% - 30% - 18:13
3 - 28% - 25% - 15:40
4 - 10% - 10% - 5:41
Normal Defense
1 - 27% - 35% - 15:07
2 - 30% - 30% - 16:44
3 - 32% - 25% - 17:42
4 - 12% - 10% - 6:29
PP Forward
1 - 55% - 60% - 1:06
2 - 45% - 40% - 0:53
PP Defense
1 - 55% - 60% - 1:06
2 - 45% - 40% - 0:53
PK Forward
1 - 67% - 60% - 1:20
2 - 33% - 40% - 0:39
PK Defense
1 - 50% - 60% - 1:00
2 - 50% - 40% - 0:59
PK3 Forward
1 - 0% - 60%
2 - 0% - 40%
PK3 Defense
1 - 0% - 60%
2 - 0% - 40%
44 Forward
1 - 0% - 60%
2 - 0% - 40%
44 Defense
1 - 0% - 60%
2 - 0% - 40%
Last Minute Offensive  - 0:00
Last Minute Defensive  - 0:00
Total
Forward - 60:00
Defense - 60:00

% Time on Ice - PHILADELPHIA

Lines # - Real PCT - Wanted PCT - Time Play
Normal Forward
1 - 33% - 35% - 18:26
2 - 28% - 30% - 15:54
3 - 25% - 25% - 14:03
4 - 14% - 10% - 7:39
Normal Defense
1 - 32% - 35% - 17:58
2 - 31% - 30% - 17:36
3 - 30% - 25% - 16:54
4 - 6% - 10% - 3:34
PP Forward
1 - 51% - 60% - 1:01
2 - 49% - 40% - 0:58
PP Defense
1 - 55% - 60% - 1:06
2 - 45% - 40% - 0:53
PK Forward
1 - 89% - 60% - 1:46
2 - 11% - 40% - 0:13
PK Defense
1 - 0% - 60% - 0:00
2 - 100% - 40% - 1:59
PK3 Forward
1 - 0% - 60%
2 - 0% - 40%
PK3 Defense
1 - 0% - 60%
2 - 0% - 40%
44 Forward
1 - 0% - 60%
2 - 0% - 40%
44 Defense
1 - 0% - 60%
2 - 0% - 40%
Last Minute Offensive  - 0:00
Last Minute Defensive  - 0:00
Total
Forward - 60:00
Defense - 60:00

Play-by-Play

1st period


0:01 of 1st period - Anthony Cirelli wins face-off versus Bo Horvat in neutral zone.
0:03 of 1st period - Travis Sanheim is hit by Seth Jones and loses puck.
0:10 of 1st period - Shot by Nikita Gusev.
0:10 of 1st period - Shot Misses the Net.
0:24 of 1st period - Shot by Nikita Gusev.
0:24 of 1st period - Shot Misses the Net.
0:26 of 1st period - Shot by Andre Burakovsky.
0:26 of 1st period - Deflect By Nikita Gusev.
0:26 of 1st period - Shot Blocked by Colton Parayko.
0:28 of 1st period - Shot by Anthony Cirelli.
0:28 of 1st period - Stopped by Frederik Andersen without a rebound.
0:29 of 1st period - Valtteri Filppula wins face-off versus Connor Brown in NEW YORK R zone.
0:36 of 1st period - Shot by Conor Garland.
0:36 of 1st period - Stopped by Frederik Andersen with a rebound.
0:56 of 1st period - Shot by Connor Brown.
0:56 of 1st period - Stopped by Brian Elliott without a rebound.
0:57 of 1st period - Nico Hischier wins face-off versus Jack Hughes in PHILADELPHIA zone.
0:57 of 1st period - Nico Hischier is hit by Michael Stone.
1:02 of 1st period - Icing by Mikko Lehtonen.
1:03 of 1st period - Lias Andersson wins face-off versus Nico Hischier in PHILADELPHIA zone.
1:09 of 1st period - Icing by Michael Stone.
1:10 of 1st period - Sam Steel wins face-off versus Jack Hughes in PHILADELPHIA zone.
1:27 of 1st period - Shot by Richard Panik.
1:27 of 1st period - Stopped by Frederik Andersen without a rebound.
1:28 of 1st period - Henrik Zetterberg wins face-off versus Nico Hischier in NEW YORK R zone.
1:28 of 1st period - Olli Maatta is hit by Mike Matheson and loses puck.
1:46 of 1st period - Olli Maatta is hit by Marcus Kruger and loses puck.
1:59 of 1st period - Shot by Tyler Pitlick.
1:59 of 1st period - Shot Blocked by Mike Matheson.
2:01 of 1st period - Shot by Henrik Zetterberg.
2:01 of 1st period - Stopped by Frederik Andersen with a rebound.
2:31 of 1st period - Shot by Nikita Gusev.
2:31 of 1st period - Stopped by Frederik Andersen with a rebound.
2:35 of 1st period - Shot by Andre Burakovsky.
2:35 of 1st period - Stopped by Frederik Andersen without a rebound.
2:36 of 1st period - Valtteri Filppula wins face-off versus Bo Horvat in NEW YORK R zone.
2:51 of 1st period - Icing by Michael Stone.
2:52 of 1st period - Valtteri Filppula wins face-off versus Jonathan Marchessault in PHILADELPHIA zone.
2:58 of 1st period - Tyler Ennis is hit by Marc-Edouard Vlasic and loses puck.
3:30 of 1st period - Shot by Jonathan Marchessault.
3:30 of 1st period - Deflect By Connor Brown.
3:30 of 1st period - Stopped by Brian Elliott with a rebound.
4:01 of 1st period - Shot by Lias Andersson.
4:01 of 1st period - Stopped by Frederik Andersen without a rebound.
4:02 of 1st period - Anthony Cirelli wins face-off versus Sam Steel in NEW YORK R zone.
4:07 of 1st period - Shot by Anthony Cirelli.
4:07 of 1st period - Shot Misses the Net.
4:09 of 1st period - Shot by Erik Gudbranson.
4:09 of 1st period - Shot Misses the Net.
4:11 of 1st period - Shot by Erik Gudbranson.
4:11 of 1st period - Shot Misses the Net.
4:19 of 1st period - Shot by Anthony Cirelli.
4:19 of 1st period - Deflect By Nikita Gusev.
4:19 of 1st period - Shot Blocked by Seth Jones.
4:21 of 1st period - Shot by Adam Pelech.
4:21 of 1st period - Stopped by Frederik Andersen without a rebound.
4:22 of 1st period - Jack Hughes wins face-off versus Nico Hischier in NEW YORK R zone.
4:29 of 1st period - Olli Maatta is hit by Marcus Kruger and loses puck.
4:43 of 1st period - Shot by Mike Matheson.
4:43 of 1st period - Shot Misses the Net.
4:45 of 1st period - Shot by Marcus Kruger.
4:45 of 1st period - Shot Misses the Net.
4:47 of 1st period - Shot by Marcus Kruger.
4:47 of 1st period - Shot Misses the Net.
4:49 of 1st period - Shot by Cam Fowler.
4:49 of 1st period - Shot Misses the Net.
5:32 of 1st period - Icing by Seth Jones.
5:33 of 1st period - Bo Horvat wins face-off versus Valtteri Filppula in NEW YORK R zone.
5:33 of 1st period - Bo Horvat is hit by Tyler Ennis.
5:41 of 1st period - Shot by Conor Garland.
5:41 of 1st period - Goal by Conor Garland - NEW YORK R : 0 - PHILADELPHIA : 1.
5:42 of 1st period - Jonathan Marchessault wins face-off versus Henrik Zetterberg in neutral zone.
6:05 of 1st period - Shot by Tyler Pitlick.
6:05 of 1st period - Shot Blocked by Brett Pesce.
6:41 of 1st period - Shot by Anthony Cirelli.
6:41 of 1st period - Stopped by Frederik Andersen with a rebound.
7:40 of 1st period - Off-side.
7:41 of 1st period - Sam Steel wins face-off versus Valtteri Filppula in neutral zone.
7:50 of 1st period - Shot by Brendan Lemieux.
7:50 of 1st period - Stopped by Brian Elliott without a rebound.
7:51 of 1st period - Jack Hughes wins face-off versus Jonathan Marchessault in PHILADELPHIA zone.
7:51 of 1st period - Jack Hughes is hit by Jonathan Marchessault.
8:02 of 1st period - Icing by Adam Pelech.
8:03 of 1st period - Nico Hischier wins face-off versus Jack Hughes in PHILADELPHIA zone.
8:30 of 1st period - Shot by Seth Jones.
8:30 of 1st period - Shot Misses the Net.
9:10 of 1st period - Shot by Artemi Panarin.
9:10 of 1st period - Shot Misses the Net.
9:12 of 1st period - Shot by Tom Wilson.
9:12 of 1st period - Stopped by Brian Elliott without a rebound.
9:13 of 1st period - Henrik Zetterberg wins face-off versus Jonathan Marchessault in PHILADELPHIA zone.
9:18 of 1st period - Shot by Tyler Pitlick.
9:18 of 1st period - Shot Hit the Post.
9:26 of 1st period - Olli Maatta is hit by Andrew Cogliano and loses puck.
9:58 of 1st period - Nikita Gusev is hit by Cam Fowler and loses puck.
10:26 of 1st period - Shot by Andre Burakovsky.
10:26 of 1st period - Stopped by Frederik Andersen without a rebound.
10:27 of 1st period - Valtteri Filppula wins face-off versus Bo Horvat in NEW YORK R zone.
10:28 of 1st period - Shot by Conor Garland.
10:28 of 1st period - Shot Misses the Net.
10:34 of 1st period - Shot by Valtteri Filppula.
10:34 of 1st period - Shot Blocked by Seth Jones.
10:36 of 1st period - Shot by Tyler Ennis.
10:36 of 1st period - Stopped by Frederik Andersen without a rebound.
10:37 of 1st period - Jack Hughes wins face-off versus Sam Steel in NEW YORK R zone.
11:18 of 1st period - Sam Steel is hit by Richard Panik and loses puck.
11:45 of 1st period - Travis Sanheim is hit by Marcus Kruger and loses puck.
11:54 of 1st period - Shot by Conor Garland.
11:54 of 1st period - Stopped by Frederik Andersen without a rebound.
11:55 of 1st period - Bo Horvat wins face-off versus Anthony Cirelli in NEW YORK R zone.
11:55 of 1st period - Bo Horvat is hit by Nikita Gusev.
13:16 of 1st period - Shot by Jonathan Marchessault.
13:16 of 1st period - Shot Misses the Net.
13:18 of 1st period - Shot by Andrew Cogliano.
13:18 of 1st period - Shot Hit the Post.
13:55 of 1st period - Michael Stone is hit by Marcus Kruger and loses puck.
14:00 of 1st period - Shot by Mathias Brome.
14:00 of 1st period - Goal by Mathias Brome - NEW YORK R : 0 - PHILADELPHIA : 2.
14:01 of 1st period - Nico Hischier wins face-off versus Jack Hughes in neutral zone.
14:06 of 1st period - Shot by Seth Jones.
14:06 of 1st period - Stopped by Brian Elliott without a rebound.
14:07 of 1st period - Anthony Cirelli wins face-off versus Marcus Kruger in PHILADELPHIA zone.
14:35 of 1st period - Shot by Nico Hischier.
14:35 of 1st period - Goal by Nico Hischier - NEW YORK R : 1 - PHILADELPHIA : 2.
14:36 of 1st period - Jack Hughes wins face-off versus Bo Horvat in neutral zone.
14:49 of 1st period - Shot by Richard Panik.
14:49 of 1st period - Stopped by Frederik Andersen without a rebound.
14:50 of 1st period - Valtteri Filppula wins face-off versus Jonathan Marchessault in NEW YORK R zone.
14:50 of 1st period - Valtteri Filppula is hit by Brett Pesce.
15:10 of 1st period - Andrew Cogliano is hit by Mikko Lehtonen and loses puck.
16:21 of 1st period - Shot by Anthony Cirelli.
16:21 of 1st period - Stopped by Frederik Andersen without a rebound.
16:22 of 1st period - Richard Panik wins face-off versus Nico Hischier in NEW YORK R zone.
18:21 of 1st period - Shot by Andre Burakovsky.
18:21 of 1st period - Shot Hit the Post.
19:26 of 1st period - Shot by Conor Garland.
19:26 of 1st period - Stopped by Frederik Andersen without a rebound.
19:27 of 1st period - Henrik Zetterberg wins face-off versus Nico Hischier in NEW YORK R zone.
19:44 of 1st period - Shot by Nico Hischier.
19:44 of 1st period - Stopped by Brian Elliott with a rebound.
19:46 of 1st period - Shot by Marcus Kruger.
19:46 of 1st period - Shot Blocked by Erik Gudbranson.
19:48 of 1st period - Shot by Jake DeBrusk.
19:48 of 1st period - Stopped by Brian Elliott without a rebound.
19:49 of 1st period - Jack Hughes wins face-off versus Sam Steel in PHILADELPHIA zone.
Goals for this period are 1 for NEW YORK R vs 2 for PHILADELPHIA.
Shots for this period are 8 for NEW YORK R vs 17 for PHILADELPHIA.

2nd period


0:01 of 2nd period - Bo Horvat wins face-off versus Valtteri Filppula in neutral zone.
0:24 of 2nd period - Shot by Artemi Panarin.
0:24 of 2nd period - Shot Misses the Net.
0:26 of 2nd period - Shot by Seth Jones.
0:26 of 2nd period - Shot Hit the Post.
0:36 of 2nd period - Shot by Colton Parayko.
0:36 of 2nd period - Goal by Colton Parayko - NEW YORK R : 2 - PHILADELPHIA : 2.
0:37 of 2nd period - Nico Hischier wins face-off versus Andre Burakovsky in neutral zone.
0:42 of 2nd period - Erik Gudbranson is hit by Jake DeBrusk.
0:50 of 2nd period - Shot by Jake DeBrusk.
0:50 of 2nd period - Shot Misses the Net.
1:00 of 2nd period - Shot by Marcus Kruger.
1:00 of 2nd period - Shot Misses the Net.
1:04 of 2nd period - Shot by Jake DeBrusk.
1:04 of 2nd period - Stopped by Brian Elliott without a rebound.
1:05 of 2nd period - Jack Hughes wins face-off versus Jonathan Marchessault in PHILADELPHIA zone.
1:23 of 2nd period - Icing by Lias Andersson.
1:24 of 2nd period - Jack Hughes wins face-off versus Bo Horvat in PHILADELPHIA zone.
1:42 of 2nd period - Mike Matheson is hit by Richard Panik and loses puck.
2:56 of 2nd period - Shot by Jonathan Marchessault.
2:56 of 2nd period - Stopped by Brian Elliott without a rebound.
2:57 of 2nd period - Tyler Ennis wins face-off versus Nico Hischier in PHILADELPHIA zone.
3:10 of 2nd period - Valtteri Filppula is hit by Jake DeBrusk and loses puck.
4:14 of 2nd period - Shot by Artemi Panarin.
4:14 of 2nd period - Deflect By Brendan Lemieux.
4:14 of 2nd period - Shot Blocked by Michael Stone.
4:35 of 2nd period - Off-side.
4:36 of 2nd period - Jonathan Marchessault wins face-off versus Anthony Cirelli in neutral zone.
6:35 of 2nd period - Icing by Travis Sanheim.
6:36 of 2nd period - Anthony Cirelli wins face-off versus Sam Steel in PHILADELPHIA zone.
6:36 of 2nd period - Anthony Cirelli is hit by Brendan Lemieux.
6:51 of 2nd period - Seth Jones is hit by Valtteri Filppula and loses puck.
7:09 of 2nd period - Icing by Sam Steel.
7:10 of 2nd period - Jack Hughes wins face-off versus Sam Steel in NEW YORK R zone.
7:10 of 2nd period - Jack Hughes is hit by Karl Alzner.
7:27 of 2nd period - Off-side.
7:28 of 2nd period - Valtteri Filppula wins face-off versus Jonathan Marchessault in neutral zone.
7:55 of 2nd period - Minor Penalty to Adam Pelech for High sticking.
7:56 of 2nd period - Bo Horvat wins face-off versus Jack Hughes in PHILADELPHIA zone.
8:17 of 2nd period - Shot by Seth Jones.
8:17 of 2nd period - Stopped by Brian Elliott with a rebound.
8:19 of 2nd period - Shot by Bo Horvat.
8:19 of 2nd period - Shot Blocked by Erik Gudbranson.
8:55 of 2nd period - Shot by Marc-Edouard Vlasic.
8:55 of 2nd period - Shot Misses the Net.
8:57 of 2nd period - Shot by Marc-Edouard Vlasic.
8:57 of 2nd period - Shot Misses the Net.
8:59 of 2nd period - Shot by Connor Brown.
8:59 of 2nd period - Shot Blocked by Mathias Brome.
9:16 of 2nd period - Icing by Marc-Edouard Vlasic.
9:17 of 2nd period - Anthony Cirelli wins face-off versus Jonathan Marchessault in NEW YORK R zone.
9:39 of 2nd period - Icing by Colton Parayko.
9:40 of 2nd period - Bo Horvat wins face-off versus Nikita Gusev in NEW YORK R zone.
9:49 of 2nd period - Shot by Nikita Gusev.
9:49 of 2nd period - Stopped by Frederik Andersen without a rebound.
9:50 of 2nd period - Bo Horvat wins face-off versus Anthony Cirelli in NEW YORK R zone.
11:12 of 2nd period - Artemi Panarin is hit by Olli Maatta and loses puck.
11:24 of 2nd period - Icing by Brett Pesce.
11:25 of 2nd period - Bo Horvat wins face-off versus Anthony Cirelli in NEW YORK R zone.
11:44 of 2nd period - Shot by Anthony Cirelli.
11:44 of 2nd period - Stopped by Frederik Andersen with a rebound.
11:52 of 2nd period - Shot by Andre Burakovsky.
11:52 of 2nd period - Stopped by Frederik Andersen without a rebound.
11:53 of 2nd period - Henrik Zetterberg wins face-off versus Nico Hischier in NEW YORK R zone.
11:54 of 2nd period - Shot by Olli Maatta.
11:54 of 2nd period - Shot Misses the Net.
11:57 of 2nd period - Icing by Cam Fowler.
11:58 of 2nd period - Jack Hughes wins face-off versus Nico Hischier in NEW YORK R zone.
13:52 of 2nd period - Shot by Nikita Gusev.
13:52 of 2nd period - Stopped by Frederik Andersen without a rebound.
13:53 of 2nd period - Jonathan Marchessault wins face-off versus Henrik Zetterberg in NEW YORK R zone.
13:53 of 2nd period - Jonathan Marchessault is hit by Tyler Pitlick.
14:02 of 2nd period - Minor Penalty to Jonathan Marchessault for Hooking.
14:03 of 2nd period - Anthony Cirelli wins face-off versus Artemi Panarin in NEW YORK R zone.
14:10 of 2nd period - Shot by Olli Maatta.
14:10 of 2nd period - Stopped by Frederik Andersen without a rebound.
14:11 of 2nd period - Artemi Panarin wins face-off versus Anthony Cirelli in NEW YORK R zone.
14:24 of 2nd period - Off-side.
14:25 of 2nd period - Valtteri Filppula wins face-off versus Artemi Panarin in neutral zone.
14:36 of 2nd period - Shot by Conor Garland.
14:36 of 2nd period - Shot Misses the Net.
14:38 of 2nd period - Shot by Olli Maatta.
14:38 of 2nd period - Deflect By Valtteri Filppula.
14:38 of 2nd period - Shot Blocked by Seth Jones.
14:40 of 2nd period - Shot by Olli Maatta.
14:40 of 2nd period - Stopped by Frederik Andersen with a rebound.
14:42 of 2nd period - Shot by Olli Maatta.
14:42 of 2nd period - Shot Blocked by Colton Parayko.
14:44 of 2nd period - Shot by Olli Maatta.
14:44 of 2nd period - Shot Blocked by Seth Jones.
14:52 of 2nd period - Shot by Tyler Ennis.
14:52 of 2nd period - Stopped by Frederik Andersen without a rebound.
14:53 of 2nd period - Anthony Cirelli wins face-off versus Tom Wilson in NEW YORK R zone.
15:10 of 2nd period - Shot by Anthony Cirelli.
15:10 of 2nd period - Shot Misses the Net.
15:12 of 2nd period - Shot by Erik Gudbranson.
15:12 of 2nd period - Shot Misses the Net.
15:14 of 2nd period - Shot by Erik Gudbranson.
15:14 of 2nd period - Shot Misses the Net.
15:16 of 2nd period - Shot by Anthony Cirelli.
15:16 of 2nd period - Stopped by Frederik Andersen without a rebound.
15:17 of 2nd period - Valtteri Filppula wins face-off versus Artemi Panarin in NEW YORK R zone.
15:24 of 2nd period - Shot by Olli Maatta.
15:24 of 2nd period - Shot Blocked by Seth Jones.
15:26 of 2nd period - Shot by Valtteri Filppula.
15:26 of 2nd period - Shot Misses the Net.
15:28 of 2nd period - Shot by Valtteri Filppula.
15:28 of 2nd period - Shot Blocked by Seth Jones.
15:36 of 2nd period - Shot by Travis Sanheim.
15:36 of 2nd period - Shot Misses the Net.
15:38 of 2nd period - Shot by Olli Maatta.
15:38 of 2nd period - Stopped by Frederik Andersen with a rebound.
15:40 of 2nd period - Shot by Travis Sanheim.
15:40 of 2nd period - Stopped by Frederik Andersen with a rebound.
15:42 of 2nd period - Shot by Conor Garland.
15:42 of 2nd period - Stopped by Frederik Andersen with a rebound.
15:44 of 2nd period - Shot by Olli Maatta.
15:44 of 2nd period - Shot Misses the Net.
15:46 of 2nd period - Shot by Olli Maatta.
15:46 of 2nd period - Stopped by Frederik Andersen without a rebound.
15:47 of 2nd period - Anthony Cirelli wins face-off versus Tom Wilson in NEW YORK R zone.
15:47 of 2nd period - Anthony Cirelli is hit by Brett Pesce.
16:33 of 2nd period - Shot by Connor Brown.
16:33 of 2nd period - Stopped by Brian Elliott without a rebound.
16:34 of 2nd period - Nico Hischier wins face-off versus Anthony Cirelli in PHILADELPHIA zone.
16:53 of 2nd period - Shot by Andre Burakovsky.
16:53 of 2nd period - Deflect By Anthony Cirelli.
16:53 of 2nd period - Shot Hit the Post.
17:24 of 2nd period - Icing by Colton Parayko.
17:25 of 2nd period - Valtteri Filppula wins face-off versus Nico Hischier in NEW YORK R zone.
17:28 of 2nd period - Shot by Conor Garland.
17:28 of 2nd period - Stopped by Frederik Andersen without a rebound.
17:29 of 2nd period - Valtteri Filppula wins face-off versus Bo Horvat in NEW YORK R zone.
17:36 of 2nd period - Shot by Valtteri Filppula.
17:36 of 2nd period - Shot Misses the Net.
18:26 of 2nd period - Shot by Mike Matheson.
18:26 of 2nd period - Shot Misses the Net.
18:47 of 2nd period - Cam Fowler is hit by Olli Maatta and loses puck.
Goals for this period are 1 for NEW YORK R vs 0 for PHILADELPHIA.
Shots for this period are 5 for NEW YORK R vs 13 for PHILADELPHIA.

3rd period


0:01 of 3rd period - Anthony Cirelli wins face-off versus Bo Horvat in neutral zone.
0:15 of 3rd period - Anthony Cirelli is hit by Tom Wilson.
0:28 of 3rd period - Shot by Artemi Panarin.
0:28 of 3rd period - Shot Misses the Net.
0:41 of 3rd period - Icing by Colton Parayko.
0:42 of 3rd period - Valtteri Filppula wins face-off versus Bo Horvat in NEW YORK R zone.
2:10 of 3rd period - Shot by Richard Panik.
2:10 of 3rd period - Shot Misses the Net.
2:23 of 3rd period - Icing by Olli Maatta.
2:24 of 3rd period - Sam Steel wins face-off versus Anthony Cirelli in PHILADELPHIA zone.
2:50 of 3rd period - Shot by Anthony Cirelli.
2:50 of 3rd period - Shot Misses the Net.
3:18 of 3rd period - Off-side.
3:19 of 3rd period - Valtteri Filppula wins face-off versus Nico Hischier in neutral zone.
4:22 of 3rd period - Icing by Michael Stone.
4:23 of 3rd period - Richard Panik wins face-off versus Bo Horvat in PHILADELPHIA zone.
4:34 of 3rd period - Shot by Jack Hughes.
4:34 of 3rd period - Stopped by Frederik Andersen with a rebound.
4:50 of 3rd period - Shot by Artemi Panarin.
4:50 of 3rd period - Stopped by Brian Elliott without a rebound.
4:51 of 3rd period - Anthony Cirelli wins face-off versus Jonathan Marchessault in PHILADELPHIA zone.
5:53 of 3rd period - Shot by Valtteri Filppula.
5:53 of 3rd period - Stopped by Frederik Andersen with a rebound.
6:23 of 3rd period - Shot by Richard Panik.
6:23 of 3rd period - Shot Misses the Net.
6:49 of 3rd period - Shot by Lias Andersson.
6:49 of 3rd period - Shot Misses the Net.
7:21 of 3rd period - Shot by Tyler Pitlick.
7:21 of 3rd period - Shot Blocked by Mike Matheson.
8:13 of 3rd period - Shot by Artemi Panarin.
8:13 of 3rd period - Shot Blocked by Olli Maatta.
8:15 of 3rd period - Shot by Tom Wilson.
8:15 of 3rd period - Shot Blocked by Olli Maatta.
8:17 of 3rd period - Shot by Seth Jones.
8:17 of 3rd period - Deflect By Bo Horvat.
8:17 of 3rd period - Shot Misses the Net.
8:19 of 3rd period - Shot by Seth Jones.
8:19 of 3rd period - Shot Misses the Net.
8:21 of 3rd period - Shot by Tom Wilson.
8:21 of 3rd period - Stopped by Brian Elliott with a rebound.
9:15 of 3rd period - Shot by Andre Burakovsky.
9:15 of 3rd period - Deflect By Anthony Cirelli.
9:15 of 3rd period - Stopped by Frederik Andersen with a rebound.
9:17 of 3rd period - Shot by Adam Pelech.
9:17 of 3rd period - Shot Blocked by Marc-Edouard Vlasic.
9:19 of 3rd period - Shot by Erik Gudbranson.
9:19 of 3rd period - Shot Misses the Net.
10:43 of 3rd period - Bo Horvat is hit by Erik Gudbranson and loses puck.
10:46 of 3rd period - Shot by Karl Alzner.
10:46 of 3rd period - Deflect By Bo Horvat.
10:46 of 3rd period - Stopped by Brian Elliott without a rebound.
10:47 of 3rd period - Anthony Cirelli wins face-off versus Bo Horvat in PHILADELPHIA zone.
11:17 of 3rd period - Anthony Cirelli is hit by Colton Parayko and loses puck.
12:32 of 3rd period - Shot by Brendan Lemieux.
12:32 of 3rd period - Stopped by Brian Elliott without a rebound.
12:33 of 3rd period - Sam Steel wins face-off versus Andre Burakovsky in PHILADELPHIA zone.
12:42 of 3rd period - Shot by Brendan Lemieux.
12:42 of 3rd period - Stopped by Brian Elliott without a rebound.
12:43 of 3rd period - Bo Horvat wins face-off versus Henrik Zetterberg in PHILADELPHIA zone.
12:59 of 3rd period - Off-side.
13:00 of 3rd period - Jonathan Marchessault wins face-off versus Anthony Cirelli in neutral zone.
13:20 of 3rd period - Shot by Anthony Cirelli.
13:20 of 3rd period - Stopped by Frederik Andersen with a rebound.
13:30 of 3rd period - Shot by Anthony Cirelli.
13:30 of 3rd period - Shot Misses the Net.
14:30 of 3rd period - Jonathan Marchessault is hit by Richard Panik and loses puck.
14:37 of 3rd period - Shot by Jack Hughes.
14:37 of 3rd period - Stopped by Frederik Andersen without a rebound.
14:38 of 3rd period - Bo Horvat wins face-off versus Henrik Zetterberg in NEW YORK R zone.
14:38 of 3rd period - Bo Horvat is hit by Henrik Zetterberg.
15:14 of 3rd period - Off-side.
15:15 of 3rd period - Anthony Cirelli wins face-off versus Nico Hischier in neutral zone.
15:20 of 3rd period - Shot by Andre Burakovsky.
15:20 of 3rd period - Stopped by Frederik Andersen with a rebound.
15:46 of 3rd period - Shot by Jake DeBrusk.
15:46 of 3rd period - Shot Misses the Net.
15:48 of 3rd period - Shot by Brett Pesce.
15:48 of 3rd period - Stopped by Brian Elliott with a rebound.
15:53 of 3rd period - Icing by Anthony Cirelli.
15:54 of 3rd period - Anthony Cirelli wins face-off versus Sam Steel in PHILADELPHIA zone.
16:03 of 3rd period - Shot by Sam Steel.
16:03 of 3rd period - Shot Misses the Net.
16:10 of 3rd period - Shot by Sam Steel.
16:10 of 3rd period - Stopped by Brian Elliott without a rebound.
16:11 of 3rd period - Tom Wilson wins face-off versus Valtteri Filppula in PHILADELPHIA zone.
16:23 of 3rd period - Shot by Artemi Panarin.
16:23 of 3rd period - Stopped by Brian Elliott with a rebound.
16:28 of 3rd period - Artemi Panarin is hit by Adam Pelech and loses puck.
16:38 of 3rd period - Bo Horvat is hit by Erik Gudbranson and loses puck.
17:23 of 3rd period - Icing by Nico Hischier.
17:24 of 3rd period - Nico Hischier wins face-off versus Jack Hughes in NEW YORK R zone.
17:24 of 3rd period - Nico Hischier is hit by Jack Hughes.
18:05 of 3rd period - Shot by Andrew Cogliano.
18:05 of 3rd period - Deflect By Jonathan Marchessault.
18:05 of 3rd period - Shot Misses the Net.
18:07 of 3rd period - Shot by Andrew Cogliano.
18:07 of 3rd period - Stopped by Brian Elliott with a rebound.
18:45 of 3rd period - Shot by Artemi Panarin.
18:45 of 3rd period - Stopped by Brian Elliott with a rebound.
18:50 of 3rd period - Artemi Panarin is hit by Michael Stone.
18:53 of 3rd period - Tom Wilson is hit by Michael Stone.
19:44 of 3rd period - Icing by Nico Hischier.
19:45 of 3rd period - Nico Hischier wins face-off versus Valtteri Filppula in NEW YORK R zone.
Goals for this period are 0 for NEW YORK R vs 0 for PHILADELPHIA.
Shots for this period are 10 for NEW YORK R vs 6 for PHILADELPHIA.

Overtime #1


0:01 of 1st overtime period - Bo Horvat wins face-off versus Andre Burakovsky in neutral zone.
0:30 of 1st overtime period - Shot by Andrew Cogliano.
0:30 of 1st overtime period - Shot Misses the Net.
0:57 of 1st overtime period - Shot by Karl Alzner.
0:57 of 1st overtime period - Shot Misses the Net.
0:59 of 1st overtime period - Shot by Artemi Panarin.
0:59 of 1st overtime period - Shot Blocked by Adam Pelech.
1:01 of 1st overtime period - Shot by Karl Alzner.
1:01 of 1st overtime period - Stopped by Brian Elliott with a rebound.
1:03 of 1st overtime period - Shot by Karl Alzner.
1:03 of 1st overtime period - Stopped by Brian Elliott without a rebound.
1:04 of 1st overtime period - Valtteri Filppula wins face-off versus Bo Horvat in PHILADELPHIA zone.
1:25 of 1st overtime period - Shot by Andrew Cogliano.
1:25 of 1st overtime period - Shot Blocked by Mikko Lehtonen.
1:54 of 1st overtime period - Icing by Adam Pelech.
1:55 of 1st overtime period - Sam Steel wins face-off versus Anthony Cirelli in PHILADELPHIA zone.
2:10 of 1st overtime period - Shot by Artemi Panarin.
2:10 of 1st overtime period - Shot Misses the Net.
2:45 of 1st overtime period - Shot by Mathias Brome.
2:45 of 1st overtime period - Deflect By Henrik Zetterberg.
2:45 of 1st overtime period - Shot Hit the Post.
2:47 of 1st overtime period - Shot by Henrik Zetterberg.
2:47 of 1st overtime period - Shot Misses the Net.
3:04 of 1st overtime period - Icing by Travis Sanheim.
3:05 of 1st overtime period - Bo Horvat wins face-off versus Valtteri Filppula in PHILADELPHIA zone.
3:06 of 1st overtime period - Shot by Andrew Cogliano.
3:06 of 1st overtime period - Shot Misses the Net.
3:30 of 1st overtime period - Shot by Andrew Cogliano.
3:30 of 1st overtime period - Stopped by Brian Elliott without a rebound.
3:31 of 1st overtime period - Andre Burakovsky wins face-off versus Bo Horvat in PHILADELPHIA zone.
4:29 of 1st overtime period - Icing by Artemi Panarin.
4:30 of 1st overtime period - Valtteri Filppula wins face-off versus Sam Steel in NEW YORK R zone.
Goals for this period are 0 for NEW YORK R vs 0 for PHILADELPHIA.
Shots for this period are 3 for NEW YORK R vs 0 for PHILADELPHIA.

ShootOut


5:00 of 1st overtime period - Round #1.
5:00 of 1st overtime period - NEW YORK R, Artemi Panarin.
5:00 of 1st overtime period - Stopped by Brian Elliott.
5:00 of 1st overtime period - PHILADELPHIA, Anthony Cirelli.
5:00 of 1st overtime period - Shot Misses the Net.
5:00 of 1st overtime period - Round #2.
5:00 of 1st overtime period - NEW YORK R, Bo Horvat.
5:00 of 1st overtime period - Shot Misses the Net.
5:00 of 1st overtime period - PHILADELPHIA, Andre Burakovsky.
5:00 of 1st overtime period - Goal by Andre Burakovsky.
5:00 of 1st overtime period - Round #3.
5:00 of 1st overtime period - NEW YORK R, Tom Wilson.
5:00 of 1st overtime period - Goal by Tom Wilson.
5:00 of 1st overtime period - PHILADELPHIA, Nikita Gusev.
5:00 of 1st overtime period - Shot Misses the Net.
5:00 of 1st overtime period - Round #4.
5:00 of 1st overtime period - NEW YORK R, Jonathan Marchessault.
5:00 of 1st overtime period - Goal by Jonathan Marchessault.
5:00 of 1st overtime period - PHILADELPHIA, Valtteri Filppula.
5:00 of 1st overtime period - Goal by Valtteri Filppula.
5:00 of 1st overtime period - Round #5.
5:00 of 1st overtime period - NEW YORK R, Nico Hischier.
5:00 of 1st overtime period - Stopped by Brian Elliott.
5:00 of 1st overtime period - PHILADELPHIA, Tyler Ennis.
5:00 of 1st overtime period - Stopped by Frederik Andersen.
5:00 of 1st overtime period - Round #6.
5:00 of 1st overtime period - NEW YORK R, Cam Fowler.
5:00 of 1st overtime period - Stopped by Brian Elliott.
5:00 of 1st overtime period - PHILADELPHIA, Conor Garland.
5:00 of 1st overtime period - Goal by Conor Garland.